 Dungeon Crawl Stone Soup version 0.32-a0-938-g40ac7a0f4d (webtiles) character file.

Game seed: 2164078029915251309

162 DEFE the Shooter (level 5, -1/41 HPs)
             Began as a Coglin Fighter on Apr 15, 2024.
             Slain by a black bear (6 damage)
             ... on level 4 of the Dungeon.
             The game lasted 00:02:39 (3104 turns).

DEFE the Shooter (Coglin Fighter)                   Turns: 3104, Time: 00:02:40

Health: -1/41      AC:  3    Str: 17    XL:     5   Next: 43%
Magic:  5/5        EV: 10    Int:  7    God:
Gold:   247        SH:  0    Dex: 15    Spells: 4/4 levels left

rFire   . . .        g - +0 sling {Goro}
rCold   . . .        e - +0 sling {Fatehjeet}
rNeg    . . .        s - +0 toga "Victory" {*Victory Clar}
rPois   .            p - +0 helmet
rElec   .            (no cloak)
rCorr   .            (no gloves)
SInv    .            (no boots)
Will    .....        (amulet unavailable)
Stlth   +            (ring unavailable)
HPRegen 0.26/turn    (ring unavailable)
MPRegen 0.09/turn    (no gizmo)

%: clarity
@: mighty, revved
A: off-hand wielding, slow wielding, warmup strikes, no jewellery
a: Invent Gizmo


You were on level 4 of the Dungeon.
You visited 1 branch of the dungeon, and saw 4 of its levels.

You collected 247 gold pieces.

Inventory:

Hand Weapons
 a - a +0 flail {Yan}
 e - a +0 sling (offhand) {Fatehjeet}
 g - a +0 sling (weapon) {Goro}
Armour
 b - a +0 scale mail
 c - a +0 buckler
 p - a +0 helmet (worn)
 s - the +0 toga "Victory" (worn) {*Victory Clar}
   (You found it on level 3 of the Dungeon)

   *Victory:  When the wearer kills a threatening monster, it has a chance to
   gain +1 AC, +1 Slay, and +1 Int, capping at +7.
   When the wearer uses a scroll or a potion with a hostile monster in sight,
   its bonuses reset to +0.
   Unequipping it also resets its bonuses to +0.
   Clar:      It protects you from confusion, rage, mesmerisation and fear.
Scrolls
 h - a scroll of noise
 j - a scroll of identify
 k - a scroll of teleportation
 t - a scroll of amnesia
 u - a scroll of summoning {unknown}
Potions
 f - 3 potions of curing {unknown}
 i - a potion of cancellation {unknown}
 l - a potion of attraction {unknown}
 m - a potion of degeneration {unknown}
 n - a potion of mutation {unknown}
 o - a potion of ambrosia {unknown}
 q - a potion of haste {unknown}
 r - a potion of enlightenment {unknown}


   Skills:
 - Level 3.1 Fighting
 - Level 2.0 Maces & Flails
 + Level 4.1 Ranged Weapons
 - Level 2.8 Armour
 - Level 2.3 Shields


You had 4 spell levels left.
You didn't know any spells.
Your spell library contained the following spells:

 Spells                   Type           Power      Damage    Failure   Level
 Apportation              Tloc           0%         N/A       43%         1
 Magic Dart               Conj           0%         1d3       43%         1
 Necrotise                Necr           0%         1d4       43%         1
 Sting                    Conj/Alch      0%         1d3       43%         1
 Summon Small Mammal      Summ           0%         N/A       43%         1
 Searing Ray              Conj           0%         2d4       56%         2
 Summon Ice Beast         Ice/Summ       0%         N/A       80%         3
 Fulminant Prism          Conj/Alch      0%         3d5       99%         4
 Summon Mana Viper        Hex/Summ       0%         N/A       100%        5
 Monstrous Menagerie      Summ           0%         N/A       100%        7


Dungeon Overview and Level Annotations

Branches:
Dungeon (4/15)
 Temple: D:4-7

Altars:
Dithmenos
Vehumet
The Shining One

Annotations:
D:3 exclusion: statue


Innate Abilities, Weirdness & Mutations

You can wield a second weapon in your off-hand.
It takes a long time for you to wield or remove held weapons.
Your first few attacks do less damage.
You cannot equip rings or amulets.


Message History

The black bear barely misses you. x2
You are too injured to fight recklessly!
You shoot a sling bullet.
The sling bullet barely misses the black bear.
You shoot a sling bullet. The sling bullet hits the black bear.
The black bear is severely wounded.
The black bear bites you.
* * * LOW HITPOINT WARNING * * *
The black bear closely misses you. The black bear barely misses you.
Unknown command.
Unknown command.
You feel very mighty all of a sudden. The black bear barely misses you.
The black bear claws you but does no damage.
The black bear misses you.
Unknown command.
You shoot a sling bullet.
The sling bullet closely misses the black bear.
You shoot a sling bullet.
The sling bullet barely misses the black bear.
The black bear barely misses you. The black bear claws you.
* * * LOW HITPOINT WARNING * * *
The black bear claws you but does no damage.
Unknown command.
You shoot a sling bullet. The sling bullet hits the black bear.
The black bear is almost dead.
You shoot a sling bullet.
The sling bullet barely misses the black bear.
The black bear goes berserk!
Unknown command.
Unknown command.
You shoot a sling bullet.
The sling bullet closely misses the black bear.
You shoot a sling bullet.
The sling bullet hits the black bear but does no damage.
The black bear is almost dead.
The black bear bites you.
* * * LOW HITPOINT WARNING * * *
The black bear claws you.
You die...

.# .< .# ##
##.# # #.
...#.###
#.###......
#..##.##.##
#....h....#
#.#..##@....#
#....<#.....#
#.##..#....^..#
# ....#..#..#.#
....#.......# #
........#.....#
..###.#.#....##
. #.#.#....#
#.#......#


You could see a black bear (berserk).

Vanquished Creatures
  A bombardier beetle (D:3)
  7 adders
  3 dart slugs
  A ribbon worm (D:2)
  4 ball pythons
  5 bats
  4 endoplasms
  5 giant cockroaches
  4 hobgoblins
  4 jackals (D:2)
  2 kobolds
  2 quokkas (D:1)
  10 frilled lizards
  8 goblins
  3 rats
63 creatures vanquished.

Notes
Turn   | Place    | Note
-------+----------+-------------------------------------------
     0 | D:1      | DEFE the Coglin Fighter began the quest for the Orb.
     0 | D:1      | Reached XP level 1. HP: 18/18 MP: 1/1
    55 | D:1      | Reached XP level 2. HP: 24/24 MP: 2/2
   217 | D:1      | Reached skill level 1 in Ranged Weapons
   405 | D:1      | Found a faded altar of an unknown god.
   408 | D:1      | Reached XP level 3. HP: 29/29 MP: 3/3
   742 | D:2      | Reached skill level 2 in Ranged Weapons
   844 | D:2      | You fall into a shaft and drop 1 floor!
   879 | D:3      | Found a glowing golden altar of the Shining One.
   942 | D:2      | Reached XP level 4. HP: 33/35 MP: 4/4
  1763 | D:3      | Reached skill level 3 in Ranged Weapons
  2004 | D:3      | Reached XP level 5. HP: 41/41 MP: 5/5
  2027 | D:3      | Found the +0 toga "Victory" {*Victory Clar}
  2166 | D:3      | Found a shadowy altar of Dithmenos.
  2404 | D:3      | Reached skill level 4 in Ranged Weapons
  2652 | D:3      | Identified the ring of the Open Hand {Fire rElec Str-5
                  | Dex+5}
  2885 | D:3      | Found a radiant altar of Vehumet.
  2885 | D:3      | Noticed a charred statue
  3089 | D:4      | Noticed a black bear
  3104 | D:4      | Slain by a black bear

Illustrated notes

Levels and vault maps discovered:
D:1:      shiori_arrival_maze, layout_basic, basic_ecumenical_altar
D:2:      layout_loops_ring, serial_forest, infiniplex_forest_zigzag_1,
          infiniplex_forest_clump_small, infiniplex_forest_straight_3,
          infiniplex_forest_clump_double, infiniplex_forest_lined_corner,
          infiniplex_forest_end_1, infiniplex_forest_zigzag_1
D:3:      layout_loops_corners, amcnicky_altar_gilded, vehumet_statue,
          tso_metal_star
D:4:      layout_basic, mainiacjoe_overflow_six_doors_small,
          minmay_temple_entry_drinking_statues, portal_sewer_entry_a,
          chequers_serial_rivers_micro_a, uniq_eustachio

Skill      XL: |  1  2  3  4  5 |
---------------+----------------+-----
Maces & Flails | 2 |  2.0
Ranged Weapons | 1 2 3 4 |  4.1
Fighting       | |  3.1
Armour         | |  2.8
Shields        | |  2.3

Action                     |  1- 3 |  4- 6 || total
---------------------------+-------+-------++-------
  Melee: Flail             |   110 |   144 ||   254
   Fire: Sling             |       |    30 ||    30
    Use: Scroll            |       |     3 ||     3
         Potion            |       |     1 ||     1
   Stab: Sleeping          |       |     1 ||     1
 Armour: Scale mail        |   103 |    90 ||   193
         Robe              |       |    51 ||    51
  Dodge: Dodged            |    42 |    74 ||   116
  Block: Buckler           |    26 |    35 ||    61

Table legend: (Time is in decaauts)
 A = Elapsed time spent in this place.
 B = Non-inter-level travel time spent in this place.
 C = Inter-level travel time spent in this place.
 D = Time resting spent in this place.
 E = Time spent auto-exploring this place.
 F = Levels seen in this place.
 G = Mean time per level.
                   A        B        C        D        E       F      G
               +--------+--------+--------+--------+--------+-----+--------+
         Total |   3191 |   3070 |    121 |    440 |   1995 |   4 |  797.8 |
       Dungeon |   3191 |   3070 |    121 |    440 |   1995 |   4 |  797.8 |
               +--------+--------+--------+--------+--------+-----+--------+

Top non-repeatable levels by time:
     D:3: 1431 daAuts
     D:2: 1080 daAuts
     D:1: 652 daAuts
     D:4: 26 daAuts
